Map: Ephemeron LE

Players

MikeHawk - Winner!

  • Race: Terran Terran
  • League: Master
  • Spawn Location: 5:00

Musti

  • Race: Terran Terran
  • League: Master
  • Spawn Location: 11:00

VOD

Have the link to the VOD?

Description

Time

  • Played on: Dec. 20, 2019, 1:42 p.m.
  • Length: 18:01
Show
View Real Time Build Order
Export as new Build Order

MikeHawk Terran - Winner!

Build Orders: Gas First Reaper Expand, Mech 

Get SALT Encoding   

  12  0:00  SCV  
  13  0:12  SCV  
  14  0:17  Supply Depot  
  14  0:24  SCV  
  15  0:30  Refinery  
  15  0:39  SCV  
  16  0:45  Barracks  
  16  0:51  SCV  
  17  1:03  SCV  
  18  1:15  SCV  
  19  1:32  Orbital Command, Reaper  
  20  1:45  Command Center  
  20  1:56  Factory  
  20  2:00  SCV  
  21  2:07  Barracks Reactor  
  21  2:12  SCV  
  21  2:14  Supply Depot  
  22  2:20  Refinery  
  22  2:24  SCV  
  23  2:36  SCV  
  24  2:40  Hellion  
  24  2:43  Marine x2  
  28  2:47  Starport  
  28  2:49  SCV  
  29  2:57  Orbital Command  
  29  3:02  Marine  
  29  3:03  Marine  
  31  3:06  Factory Tech Lab  
  31  3:10  SCV  
  32  3:22  SCV, Marine x2  
  32  3:26  SCV, Refinery  
  36  3:29  Raven  
  38  3:39  SCV  
  38  3:40  SCV  
  37  3:43  Marine x2  
  37  3:51  SCV  
  37  3:52  SCV  
  38  3:56  Supply Depot, Widow Mine  
  38  4:01  Marine x2  
  40  4:04  SCV x2  
  42  4:12  Raven  
  42  4:16  SCV x2  
  46  4:19  Marine x2  
  46  4:20  Factory Tech Lab  
  48  4:25  Supply Depot  
  48  4:28  SCV x2  
  50  4:36  Command Center  
  50  4:40  SCV x2  
  52  4:47  Siege Tank  
  52  4:50  Supply Depot  
  52  4:52  SCV x2  
  57  5:02  Viking x2  
  57  5:04  SCV  
  62  5:12  SCV, Marine  
  62  5:16  SCV  
  62  5:19  Siege Tank  
  66  5:22  Supply Depot  
  66  5:24  SCV  
  66  5:28  SCV  
  66  5:30  Refinery  
  66  5:32  Viking  
  69  5:36  SCV  
  69  5:37  Viking  
  69  5:40  SCV  
  74  5:45  Supply Depot  
  74  5:48  SCV  
  74  5:49  Orbital Command  
  75  5:51  Siege Tank  
  75  5:52  SCV  
  79  6:00  SCV  
  79  6:03  Factory  
  79  6:05  SCV  
  79  6:06  Barracks Reactor  
  79  6:07  Viking  
  79  6:08  Factory  
  82  6:12  SCV  
  82  6:14  Viking  
  82  6:16  Orbital Command  
  82  6:17  SCV  
  86  6:19  Refinery  
  86  6:22  Refinery  
  86  6:24  SCV  
  86  6:25  Siege Tank  
  90  6:29  SCV  
  91  6:33  Supply Depot x2  
  91  6:36  SCV  
  91  6:39  Viking  
  94  6:41  SCV x2  
  94  6:44  Viking  
  98  6:48  SCV  
  98  6:53  SCV, Siege Tank  
  103  6:57  SCV, Siege Tank  
  103  7:00  SCV  
  108  7:05  SCV  
  109  7:09  SCV  
  109  7:10  Supply Depot  
  109  7:11  Supply Depot  
  109  7:12  Viking  
  109  7:13  SCV  
  109  7:14  Viking  
  115  7:17  SCV  
  115  7:21  SCV  
  117  7:23  Infernal Pre-Igniter, Mag-Field Accelerator  
  117  7:24  Hellion  
  117  7:25  SCV, Hellion  
  120  7:30  Cyclone  
  120  7:32  Supply Depot  
  120  7:33  Cyclone, Supply Depot  
  126  7:43  Command Center  
  126  7:53  Armory x2  
  126  8:00  Hellion  
  126  8:01  Hellion  
  126  8:02  Cyclone  
  126  8:05  Cyclone  
  136  8:08  Viking x2  
  136  8:11  Engineering Bay  
  140  8:22  Hellion x2  
  144  8:28  SCV x3  
  150  8:34  Supply Depot, Cyclone  
  150  8:37  Cyclone, Command Center  
  150  8:40  Command Center  
  153  8:42  Viking x2  
  157  8:55  Hellion x2  
  161  8:56  SCV x2  
  161  8:57  SCV  
  161  9:00  Sensor Tower  
  164  9:04  Terran Vehicle And Ship Armor Level 1, Terran Vehicle Weapons Level 1  
  164  9:06  Refinery  
  164  9:09  Cyclone, Starport  
  167  9:10  Starport  
  167  9:12  Cyclone, Refinery  
  167  9:15  SCV x3  
  173  9:28  Orbital Command  
  170  9:33  SCV x2  
  170  9:35  SCV  
  168  9:41  Cyclone  
  168  9:42  Fusion Core, Hellion  
  168  9:43  Viking x2  
  168  9:44  Cyclone  
  176  9:46  SCV x2  
  178  9:57  Orbital Command x2  
  178  9:58  Starport Reactor x2  
  178  10:01  Liberator x2  
  166  10:19  Hellion  
  166  10:20  Hellion  
  177  10:21  Liberator x3  
  177  10:29  Advanced Ballistics  
  177  10:34  Command Center x2  
  177  10:41  Siege Tank  
  177  10:42  Siege Tank  
  184  10:44  Liberator x2  
  184  11:00  Liberator  
  94  11:04  Liberator  
  190  11:08  Command Center  
  190  11:09  Command Center  
  190  11:10  Command Center  
  190  11:11  Liberator x2  
  199  11:44  Command Center  
  199  11:46  Command Center  
  199  11:47  Refinery  
  199  11:50  Terran Vehicle And Ship Armor Level 2, Terran Ship Weapons Level 1, Refinery  
  199  11:58  Orbital Command  
  199  12:00  Sensor Tower  
  198  12:02  Missile Turret  
  198  12:05  Missile Turret  
  198  12:07  Missile Turret  
  196  12:20  Missile Turret, Planetary Fortress  
  196  12:24  Command Center  
  196  12:25  Command Center  
  196  12:28  Viking x3  
  198  13:29  Viking  
  198  13:32  Orbital Command x3  
  198  13:34  Orbital Command x2  
  200  13:39  Command Center  
  200  13:42  Command Center  
  190  13:59  Viking x6  
  159  14:09  Starport  
  147  14:11  Starport x2  
  137  14:19  Liberator  
  137  14:21  Liberator  
  134  14:24  Liberator, Siege Tank x2, Hellion x2  
  134  14:27  Planetary Fortress x2  
  134  14:29  Viking x3  
  152  14:40  Command Center  
  152  14:44  Refinery  
  155  14:48  Starport Reactor x2  
  155  14:51  Terran Vehicle And Ship Armor Level 3, Terran Ship Weapons Level 2  
  155  14:54  Orbital Command x2, Starport Reactor  
  155  15:00  Siege Tank x2  
  155  15:06  Liberator x2  
  161  15:07  Liberator, SCV  
  162  15:14  Refinery  
  162  15:19  SCV  
  163  15:22  Viking x3  
  163  15:24  Liberator, SCV  
  163  15:25  Liberator x4, SCV x5  
  163  15:26  SCV x3  
  181  15:31  SCV  
  182  15:42  Refinery x2  
  194  15:53  Missile Turret  
  194  15:55  Viking x3  
  194  15:56  Missile Turret  
  200  16:04  Orbital Command  
  185  16:32  Viking  
  185  16:33  Viking x2  
  185  16:34  Viking x6  
  190  17:04  Viking x5  
Show
View Real Time Build Order
Export as new Build Order

Musti Terran 

Build Orders: 2 Factory, Mech 

Get SALT Encoding   

  12  0:00  SCV  
  13  0:13  SCV  
  14  0:17  Supply Depot  
  14  0:25  SCV  
  15  0:28  Refinery  
  15  0:39  SCV  
  16  0:45  Barracks  
  16  0:51  SCV  
  16  0:56  Refinery  
  17  1:03  SCV  
  18  1:15  SCV  
  19  1:32  Orbital Command  
  19  1:33  Reaper  
  19  1:37  Factory  
  20  1:47  Supply Depot  
  20  1:59  SCV  
  21  2:06  Reaper  
  22  2:16  SCV  
  22  2:21  Hellion  
  25  2:29  SCV  
  26  2:30  Command Center  
  26  2:38  Reaper  
  26  2:43  Hellion  
  29  2:46  SCV  
  29  2:47  Supply Depot  
  30  2:55  Factory  
  30  2:58  SCV  
  31  3:07  Factory Tech Lab  
  31  3:10  Barracks Reactor  
  31  3:12  SCV  
  32  3:24  SCV  
  33  3:27  Cyclone  
  33  3:52  SCV  
  34  4:00  Siege Tank  
  37  4:04  Orbital Command, Command Center  
  37  4:07  SCV  
  38  4:11  Hellion x2  
  42  4:23  SCV  
  43  4:30  Starport  
  43  4:31  SCV  
  44  4:34  Barracks Reactor  
  44  4:35  SCV  
  45  4:43  SCV, Supply Depot x2  
  46  4:49  Siege Tank  
  46  4:51  SCV  
  50  4:53  Hellion  
  50  4:56  SCV  
  53  5:03  SCV  
  53  5:05  Hellion  
  56  5:08  SCV, Supply Depot  
  55  5:15  SCV  
  55  5:18  Orbital Command  
  55  5:20  SCV  
  57  5:22  Armory  
  57  5:30  SCV  
  57  5:32  Viking x2  
  57  5:34  SCV  
  63  5:36  Refinery  
  63  5:39  Refinery  
  63  5:51  Orbital Command  
  63  5:52  SCV  
  63  5:53  SCV  
  65  6:00  Siege Tank  
  65  6:01  Hellion x2  
  72  6:05  SCV x2  
  72  6:07  Factory, Barracks Tech Lab  
  74  6:15  Viking x2  
  74  6:17  SCV x2  
  80  6:29  SCV x2  
  82  6:33  Supply Depot  
  82  6:35  SCV  
  82  6:37  Supply Depot  
  82  6:39  Siege Tank  
  86  6:40  Hellion x2  
  86  6:46  SCV x2  
  92  6:47  SCV  
  92  6:49  Barracks Reactor  
  92  6:50  Factory  
  92  6:52  Terran Vehicle Weapons Level 1  
  93  6:58  SCV  
  93  7:01  SCV x2  
  96  7:03  Refinery  
  96  7:10  SCV  
  96  7:11  Infernal Pre-Igniter, Hellion x2  
  96  7:14  SCV, Refinery  
  102  7:16  Siege Tank  
  102  7:19  Command Center  
  103  7:31  SCV, Supply Depot  
  103  7:32  Supply Depot  
  103  7:34  Viking x2  
  106  7:37  SCV x2  
  106  7:44  SCV  
  109  7:50  Engineering Bay  
  109  7:51  Barracks Reactor  
  109  7:52  SCV, Siege Tank  
  109  7:53  SCV, Hellion x2  
  109  7:56  SCV  
  119  8:03  Supply Depot  
  119  8:04  SCV, Supply Depot  
  119  8:05  Supply Depot  
  120  8:08  Hellion x2  
  124  8:16  SCV  
  125  8:25  Siege Tank, Viking x2  
  132  8:31  SCV  
  133  8:38  Siege Tank, Hellion x3  
  142  8:43  Supply Depot  
  142  8:46  Supply Depot  
  142  8:47  Factory, Terran Vehicle Weapons Level 2  
  142  8:50  SCV  
  143  8:57  Siege Tank  
  143  8:58  Viking x2  
  143  9:00  Command Center  
  150  9:03  Starport  
  150  9:06  Hellion x4  
  150  9:07  Barracks Reactor  
  158  9:12  SCV  
  151  9:27  Fusion Core, Starport  
  149  9:42  Starport Tech Lab  
  149  9:44  Viking x2  
  153  9:48  Starport  
  147  9:54  Planetary Fortress  
  147  10:08  Refinery  
  147  10:12  Refinery  
  119  10:25  Drilling Claws  
  119  10:27  Widow Mine x5  
  119  10:28  Widow Mine x2  
  133  10:29  Starport Tech Lab  
  133  10:31  Battlecruiser  
  133  10:35  Starport Tech Lab  
  134  11:00  Thor x2  
  144  11:33  Battlecruiser x2, Terran Ship Weapons Level 1  
  144  11:35  Viking x2  
  144  11:36  Weapon Refit  
  144  11:38  Widow Mine x4  
  144  11:39  Marine x2, Widow Mine x2  
  174  11:43  Widow Mine  
  166  12:18  Command Center  
  166  12:20  Command Center  
  166  12:23  Command Center  
  166  12:27  Hellion x2  
  166  12:28  Hellion x2  
  166  12:29  Hellion x3  
  180  12:32  Supply Depot x3  
  178  12:50  Refinery  
  175  12:53  Battlecruiser x3  
  193  13:04  Viking x2  
  192  13:06  Widow Mine x4  
  187  13:34  Viking  
  167  13:58  Battlecruiser x2  
  117  14:20  Siege Tank  
  117  14:21  Siege Tank, Hellion x5  
  117  14:22  Hellion  
  131  14:32  Viking x2  
  135  14:42  Hellion  
  137  14:52  Siege Tank  
  137  14:53  Siege Tank  
  141  15:03  Terran Ship Weapons Level 2  
  141  15:04  Battlecruiser  
  147  15:25  Siege Tank x2  
  147  15:27  Refinery  
  153  15:30  Hellion x5  
  153  15:31  Refinery, Widow Mine, Sensor Tower  
  159  15:44  Planetary Fortress  
  157  15:51  Widow Mine x4  
  168  15:57  Siege Tank x2  
  168  15:58  Hellion  
  168  15:59  Hellion  
  175  16:09  Planetary Fortress  
  175  16:12  Widow Mine x2  
  175  16:16  Battlecruiser  
  175  16:18  Widow Mine x2  
  183  16:20  Widow Mine x2  
  187  16:29  Siege Tank  
  144  16:53  Battlecruiser x2  
  144  16:54  Siege Tank, Hellion x4  
  161  17:01  Siege Tank  
  136  17:22  Hellion  
  118  17:23  Hellion  
  118  17:24  Viking, Hellion x2  
  118  17:26  Siege Tank  
Tags
 
Add a new tag
Caveats
  • Supply blocks, unpowered buildings, or Contaminate may cause inaccurate times.
  • Supply counts are checked every 10 seconds.